Map: Orbital Shipyard

Players

Zalot

  • Race: Protoss Protoss
  • League: Gold

Frozzen - Winner!

  • Race: Zerg Zerg
  • League: Diamond

VOD

Have the link to the VOD?

Description

Time

  • Played on: Nov. 20, 2015, 9:28 p.m.
  • Length: 11:05
Show
View Real Time Build Order
Export as new Build Order

Zalot Protoss 

Build Orders:  

Get SALT Encoding   

  12  0:01  Probe (Chrono Boost)  
  13  0:11  Probe (Chrono Boost)  
  14  0:20  Pylon  
  14  0:22  Probe (Chrono Boost)  
  15  0:39  Probe (Chrono Boost), Gateway  
  16  0:49  Probe (Chrono Boost)  
  17  0:54  Assimilator  
  17  0:59  Assimilator  
  17  1:00  Probe (Chrono Boost)  
  18  1:10  Probe (Chrono Boost)  
  19  1:17  Pylon  
  19  1:36  Cybernetics Core  
  19  1:39  Zealot  
  21  2:01  Nexus  
  21  2:05  Probe (Chrono Boost)  
  24  2:16  Mothership Core (Chrono Boost)  
  24  2:24  Stalker (Chrono Boost)  
  26  2:49  Probe  
  27  2:56  Gateway  
  27  2:57  Warp Gate (Chrono Boost)  
  27  3:01  Probe, Gateway  
  28  3:10  Pylon  
  28  3:13  Probe  
  28  3:18  Sentry (Chrono Boost)  
  31  3:25  Probe  
  32  3:33  Probe  
  32  3:37  Probe  
  34  3:43  Stalker  
  34  3:44  Probe  
  34  3:46  Adept  
  39  3:49  Probe  
  39  3:51  Sentry  
  39  3:55  Probe  
  42  4:01  Probe  
  44  4:05  Probe  
  45  4:13  Probe, Adept  
  45  4:16  Probe  
  48  4:21  Adept  
  51  4:25  Probe  
  51  4:26  Probe  
  53  4:36  Pylon  
  53  4:38  Probe, Robotics Facility  
  54  4:44  Assimilator  
  54  4:52  Probe  
  54  4:54  Probe  
  56  5:03  Probe  
  57  5:11  Adept x2  
  61  5:17  Pylon  
  61  5:21  Nexus  
  61  5:25  Pylon  
  61  5:26  Pylon  
  61  5:34  Observer  
  61  5:35  Probe  
  62  5:36  Probe  
  64  5:43  Assimilator  
  64  5:45  Probe  
  64  5:48  Probe  
  66  5:50  Stalker x3  
  66  5:56  Probe  
  72  5:57  Twilight Council  
  72  6:00  Probe  
  72  6:01  Pylon  
  74  6:06  Robotics Bay  
  74  6:14  Robotics Facility  
  74  6:20  Probe  
  74  6:22  Probe  
  74  6:24  Adept x2  
  74  6:25  Adept  
  82  6:31  Probe  
  75  6:34  Probe  
  63  6:41  Probe  
  63  6:45  Stalker x2  
  63  6:46  Stalker, Probe  
  70  6:52  Probe x2  
  72  6:58  Probe  
  73  7:03  Probe x2  
  75  7:10  Probe  
  75  7:11  Stalker  
  75  7:12  Stalker  
  75  7:13  Probe x2  
  82  7:22  Probe  
  83  7:24  Probe  
  83  7:27  Stalker  
  86  7:34  Probe x2  
  86  7:35  Probe  
  89  7:45  Probe  
  89  7:47  Probe  
  89  7:50  Disruptor x2  
  97  7:55  Stalker x2  
  97  7:56  Stalker, Probe x2  
  105  8:00  Probe  
  106  8:06  Probe, Blink (Chrono Boost)  
  107  8:15  Observer Gravitic Boosters  
  107  8:24  Probe  
  107  8:26  Probe  
  109  8:35  Pylon  
  109  8:37  Pylon  
  109  8:45  Pylon  
  109  8:48  Pylon  
  109  8:51  Pylon  
  109  8:52  Probe x2  
  109  8:53  Probe  
  112  9:20  Stalker x3  
  118  9:27  Pylon  
  118  9:29  Pylon  
  115  9:47  Stalker x3  
  115  9:52  Gateway  
  121  9:53  Probe  
  121  9:54  Gateway, Probe x2  
  121  9:57  Gateway x2  
  124  10:04  Probe x2  
  124  10:06  Probe  
  127  10:12  Pylon  
  127  10:14  Probe, Robotics Facility  
  127  10:18  Probe  
  127  10:19  Stalker x2, Pylon  
  127  10:20  Stalker  
  143  10:29  Forge  
  65  10:54  Stalker x3  
Show
View Real Time Build Order
Export as new Build Order

Frozzen Zerg - Winner!

Build Orders: Hatch First, Muta Ling Bane 

Get SALT Encoding   

  12  0:00  Drone  
  13  0:12  Overlord  
  13  0:18  Drone  
  14  0:31  Drone x2  
  16  0:50  Hatchery  
  16  0:53  Drone  
  16  0:56  Drone  
  17  0:59  Drone  
  18  1:13  Spawning Pool  
  18  1:16  Drone  
  18  1:19  Extractor  
  18  1:21  Drone  
  18  1:28  Drone  
  19  1:38  Overlord  
  19  2:00  Queen  
  21  2:01  Zergling x4  
  21  2:03  Queen  
  21  2:04  Drone  
  26  2:11  Drone  
  26  2:13  Drone  
  28  2:21  Drone  
  29  2:23  Metabolic Boost, Drone  
  30  2:32  Overlord  
  30  2:35  Drone  
  31  2:39  Queen  
  33  2:49  Overlord  
  33  2:50  Overlord  
  33  2:55  Drone  
  34  3:00  Drone  
  34  3:02  Lair  
  35  3:15  Drone x5  
  35  3:16  Drone  
  35  3:19  Drone  
  43  3:20  Drone  
  43  3:26  Overlord  
  43  3:31  Drone  
  44  3:36  Drone  
  44  3:37  Drone  
  44  3:40  Extractor  
  45  3:43  Extractor  
  45  3:44  Extractor  
  43  3:50  Drone x6  
  43  3:53  Zergling x4  
  51  4:08  Drone  
  52  4:12  Drone  
  52  4:13  Drone  
  52  4:15  Spire  
  53  4:17  Drone x5  
  53  4:18  Drone  
  53  4:23  Overlord  
  58  4:38  Hatchery  
  58  4:39  Overlord x3  
  58  4:40  Overlord  
  57  4:52  Overlord  
  57  4:53  Overlord  
  57  5:08  Overseer  
  57  5:22  Drone  
  57  5:23  Drone x4  
  62  5:29  Mutalisk x7  
  62  5:34  Mutalisk  
  78  5:43  Mutalisk  
  78  5:45  Drone  
  78  5:46  Drone x3  
  84  5:54  Drone x4  
  84  5:55  Hatchery  
  87  6:00  Mutalisk  
  89  6:04  Zerg Flyer Weapons Level 1  
  89  6:05  Drone x2  
  89  6:08  Spore Crawler  
  89  6:11  Spine Crawler  
  89  6:12  Drone  
  89  6:13  Drone x5  
  95  6:20  Infestation Pit  
  95  6:21  Drone  
  95  6:22  Baneling Nest  
  94  6:34  Drone x2  
  94  6:35  Drone x6  
  94  6:38  Extractor  
  94  6:39  Extractor  
  100  6:46  Spine Crawler  
  97  6:48  Spine Crawler  
  97  6:51  Zergling x4  
  97  6:52  Zergling x8  
  102  6:58  Evolution Chamber  
  102  6:59  Evolution Chamber, Hive, Pathogen Glands  
  100  7:16  Drone x3  
  103  7:25  Zerg Ground Armor Level 1, Zerg Melee Weapons Level 1  
  103  7:26  Zergling x6  
  103  7:27  Zergling x16  
  114  7:34  Baneling x3  
  114  7:37  Mutalisk  
  114  7:38  Mutalisk x2  
  120  7:50  Zergling x10  
  120  7:51  Zergling x6  
  128  7:52  Overlord x4  
  128  7:59  Overlord  
  128  8:00  Overlord x3  
  126  8:06  Mutalisk  
  128  8:20  Ultralisk Cavern  
  128  8:26  Overlord x4  
  127  8:28  Zergling x10  
  127  8:29  Zergling x22  
  127  8:31  Baneling x7  
  127  8:32  Centrifical Hooks  
  143  8:35  Hatchery  
  142  8:43  Drone  
  142  8:44  Drone x2  
  142  8:48  Infestor x3  
  151  9:12  Zergling x12  
  151  9:13  Zergling x14  
  164  9:19  Baneling  
  164  9:20  Baneling x4  
  164  9:21  Baneling x10  
  164  9:22  Baneling  
  164  9:23  Extractor  
  163  9:25  Extractor  
  162  9:35  Mutalisk x3  
  162  9:36  Mutalisk  
  162  9:38  Chitinous Plating  
  170  9:40  Drone x3  
  170  9:41  Drone x6  
  179  9:52  Ultralisk  
  185  9:53  Zergling x2  
  185  9:54  Zergling x10  
  191  10:05  Ultralisk  
Tags
 
Add a new tag
Caveats
  • Supply blocks, unpowered buildings, or Contaminate may cause inaccurate times.
  • Supply counts are checked every 10 seconds.